 Dungeon Crawl Stone Soup version 0.25.1-2-g60ff931df9 (webtiles) character file.

Game seed: 3758397005655736140

1246 Curus the Basher (level 8, -1/62 HPs)
             Began as a Minotaur Gladiator on Aug 23, 2020.
             Slain by an orc warrior
             ... wielding a +0 battleaxe
              (5 damage)
             ... on level 6 of the Dungeon.
             The game lasted 00:18:58 (5346 turns).

Curus the Basher (Minotaur Gladiator)               Turns: 5346, Time: 00:18:58

Health: -1/62      AC:  6    Str: 19      XL:     8   Next: 25%
Magic:  7/7        EV: 12    Int:  7      God:
Gold:   190        SH:  0    Dex: 11 (12) Spells: 7/7 levels left

rFire    . . .     SeeInvis +   m - +1 morningstar
rCold    + . .     Gourm    .   (no shield)
rNeg     . . .     Faith    +   b - +0 leather armour
rPois    .         Spirit   .   c - +0 hat
rElec    .         Reflect  .   e - +0 cloak
rCorr    .         Harm     .   n - +0 pair of gloves
MR       .....                  i - +0 pair of boots
Stlth    +.........             s - amulet of faith
HPRegen  0.20/turn              y - ring of see invisible
MPRegen  0.10/turn              v - ring of protection from cold

@: no status effects
A: retaliatory headbutt, horns 2
a: no special abilities


You were on level 6 of the Dungeon.
You were not hungry.

You visited 1 branch of the dungeon, and saw 6 of its levels.

You collected 190 gold pieces.

Inventory:

Hand Weapons
 a - a +1 flail
 m - a +1 morningstar (weapon)
Missiles
 d - 2 throwing nets (quivered)
Armour
 b - a +0 leather armour (worn)
 c - a +0 hat (worn)
 e - a +0 cloak (worn)
 i - a +0 pair of boots (worn)
 n - a +0 pair of gloves (worn)
Jewellery
 h - a +4 ring of evasion
 j - an uncursed ring of magical power
 s - an amulet of faith (around neck)
 v - a ring of protection from cold (right hand)
 y - a ring of see invisible (left hand)
Wands
 k - a wand of flame (10)
 u - a wand of paralysis (8)
 x - a wand of clouds (7)
Scrolls
 g - 3 scrolls of identify
 l - 2 scrolls of remove curse
 r - a scroll of fog
 t - 2 scrolls of magic mapping
Potions
 o - a potion of ambrosia
 p - a potion of resistance
 q - 3 potions of stabbing
 w - a potion of curing
Comestibles
 f - 6 rations
 z - 11 chunks of flesh


   Skills:
 - Level 2.4 Fighting
 + Level 12.1 Maces & Flails
 - Level 2.0 Throwing
 - Level 3.2 Dodging


You had 7 spell levels left.
You didn't know any spells.
Your spell library contained the following spells:

 Spells                   Type           Power        Failure   Level  Hunger
 Animate Skeleton         Necr           N/A          50%         1    ##.....
 Apportation              Tloc           #.....       50%         1    ##.....
 Corona                   Hex            #......      50%         1    ##.....
 Summon Small Mammal      Summ           #...         50%         1    ##.....


Dungeon Overview and Level Annotations

Branches:
Dungeon (6/15)
 Temple: D:4-7

Altars:
Xom


Innate Abilities, Weirdness & Mutations

You reflexively headbutt those who attack you in melee.
You have a pair of horns on your head.


Message History

The ogre hits the quasit with a +0 giant spiked club!
The quasit is killed!
The orc wizard misses you.
The orc warrior struggles against the net.
You puncture the orc wizard!
You kill the orc wizard!
The ogre is engulfed in noxious fumes.
You hit the orc warrior but do no damage.
The orc warrior is lightly wounded.
The orc warrior struggles against the net.
The ogre is engulfed in noxious fumes.
The ogre hits the orc warrior with a +0 giant spiked club!
You hit the orc warrior but do no damage.
The orc warrior is heavily wounded.
The orc warrior struggles against the net.
The net rips apart, and the orc warrior comes free!
You hit the orc warrior but do no damage.
The orc warrior is heavily wounded.
The orc warrior hits you with a +0 battleaxe.
You die...

##. ##.............
..##....#.........
...#....#.........
.........................
##.......#......#...O....
#........#......#........
#..##.(.................#
.......>.....###....$...#
.##......#..o@#..?......
...##....###.)O#5.)......
#....)..#....§§#.........
##.#.........§§§.......#.
..#..(<.#.##§§§§o......#
.. #.....#.#####........#
......#..# ........#..
........### ##..###### .
......## ####


You could see an orc warrior and an ogre (confused).

Vanquished Creatures
  Sigmund (D:5)
  A phantom (D:4)
  A centaur (D:5)
  A bullfrog (D:6)
  3 scorpions
  A quasit (D:6)
  A bullfrog zombie (D:5)
  A hound (D:4)
  A jelly (D:6)
  An orc priest (D:5)
  6 orc wizards
  3 iguanas
  3 worker ants
  A hound skeleton (D:2)
  Robin (D:2)
  10 adders
  An adder zombie (D:5)
  An adder skeleton (D:5)
  3 worms
  A dart slug (D:3)
  2 leopard geckos
  19 orcs
  3 bats (D:2)
  6 giant cockroaches
  15 goblins
  12 hobgoblins
  7 jackals
  5 kobolds (D:2)
  4 quokkas
  6 ball pythons
  2 frilled lizards (D:1)
  7 rats
130 creatures vanquished.

Vanquished Creatures (others)
  A plant (D:3)
1 creature vanquished.

Grand Total: 131 creatures vanquished

Notes
Turn   | Place    | Note
-------+----------+-------------------------------------------
     0 | D:1      | Curus the Minotaur Gladiator began the quest for the Orb.
     0 | D:1      | Reached XP level 1. HP: 18/18 MP: 0/0
   148 | D:1      | Reached skill level 4 in Maces & Flails
   380 | D:1      | Reached XP level 2. HP: 18/25 MP: 1/1
   807 | D:2      | Reached skill level 5 in Maces & Flails
   976 | D:2      | Reached XP level 3. HP: 27/30 MP: 2/2
  1471 | D:2      | Noticed Robin
  1478 | D:2      | Reached XP level 4. HP: 34/37 MP: 3/3
  1479 | D:2      | Reached skill level 6 in Maces & Flails
  1487 | D:2      | Killed Robin
  2482 | D:3      | Reached XP level 5. HP: 34/42 MP: 4/4
  2487 | D:3      | Reached skill level 7 in Maces & Flails
  3111 | D:4      | Reached skill level 8 in Maces & Flails
  3114 | D:4      | Reached XP level 6. HP: 36/50 MP: 5/5
  3379 | D:4      | Found a shimmering altar of Xom.
  3600 | D:4      | Reached skill level 9 in Maces & Flails
  3845 | D:5      | Entered Level 5 of the Dungeon
  3866 | D:5      | Reached XP level 7. HP: 56/56 MP: 6/6
  3947 | D:5      | Reached skill level 10 in Maces & Flails
  4123 | D:5      | HP: 2/56 [centaur (6)]
  4632 | D:5      | Noticed Sigmund
  4644 | D:5      | Killed Sigmund
  4644 | D:5      | Reached skill level 11 in Maces & Flails
  4870 | D:5      | Reached XP level 8. HP: 58/62 MP: 7/7
  5326 | D:6      | Reached skill level 12 in Maces & Flails
  5341 | D:6      | HP: 3/62 [orc wizard/+0 dagger (4)]
  5346 | D:6      | Slain by an orc warrior

Illustrated notes

Levels and vault maps discovered:
D:1:      lordsloth_arrival_two_stooges, layout_loops_ring
D:2:      minmay_general_purpose_star, layout_loops_corners, uniq_robin
D:3:      layout_rooms, minmay_shallow_snake_nest
D:4:      layout_gridville, lemuel_coloured_pillars_altar, first_ration
D:5:      layout_layer_cave, uniq_sigmund
D:6:      layout_cave_pools

Skill      XL: |  1  2  3  4  5  6  7  8 |
---------------+-------------------------+-----
Maces & Flails | 4 5 6 8 9 11 12 | 12.1
Fighting       | |  2.4
Throwing       | |  2.0
Dodging        | |  3.2

Action                   |  1- 3 |  4- 6 |  7- 9 || total
-------------------------+-------+-------+-------++-------
Melee: Flail             |    62 |    26 |       ||    88
       Headbutt          |    10 |    23 |    16 ||    49
       Morningstar       |       |   104 |   102 ||   206
Throw: Throwing net      |       |       |     1 ||     1
Evoke: Wand              |       |       |     2 ||     2
  Use: Scroll            |     3 |     6 |       ||     9
       Potion            |     2 |     8 |     2 ||    12
  Eat: Chunk             |     2 |     7 |     5 ||    14
Armor: Leather armour    |    17 |    19 |    30 ||    66
Dodge: Dodged            |    41 |   108 |    85 ||   234
